 Dungeon Crawl Stone Soup version 0.24-a0-284-g9fb9971 (webtiles) character file.

Game seed: 5265117049412314932

182 mhoghedin the Chiller (level 5, -5/57 HPs)
             Began as a Demigod Ice Elementalist on May 6, 2019.
             Slain by a gnoll
             ... wielding a +0 halberd
              (7 damage)
             ... on level 3 of the Dungeon.
             The game lasted 00:04:49 (2508 turns).

mhoghedin the Chiller (Demigod Ice Elementalist)    Turns: 2508, Time: 00:04:50

Health: -5/57      AC:  3    Str: 16    XL:     5   Next: 12%
Magic:  4/13       EV: 12    Int: 21    God:
Gold:   128        SH:  0    Dex: 16    Spells: 5/11 levels left

rFire    . . .     SeeInvis .   j - +2 whip (venom)
rCold    . . .     Gourm    .   (no shield)
rNeg     . . .     Faith    .   a - +1 robe
rPois    .         Spirit   .   (no helmet)
rElec    .         Reflect  .   (no cloak)
rCorr    .         Harm     .   (no gloves)
MR       .....                  (no boots)
Stlth    ..........             (no amulet)
HPRegen  0.19/turn              (no ring)
MPRegen  0.13/turn              (no ring)

@: berserking (expiring), flying, very quick
A: high mp 1
a: no special abilities


You were on level 3 of the Dungeon.
You were hungry.

You visited 1 branch of the dungeon, and saw 3 of its levels.

You collected 128 gold pieces.

Inventory:

Hand Weapons
 b - a +0 spear
   (You found it on level 1 of the Dungeon)
 j - a +2 whip of venom (weapon)
   (You found it on level 2 of the Dungeon)
Armour
 a - a +1 robe (worn)
Scrolls
 f - a scroll of random uselessness {unknown}
 i - a scroll of enchant armour
Potions
 e - a potion of lignification {unknown}
Comestibles
 c - 6 rations
 d - 2 chunks of flesh {@w0}


   Skills:
 - Level 1.7 Dodging
 - Level 1.7 Stealth
 + Level 3.5 Spellcasting
 - Level 0.8 Conjurations
 + Level 4.3 Ice Magic


You had 5 spell levels left.
You knew the following spells:

 Your Spells              Type           Power        Failure   Level  Hunger
a - Freeze                Ice            ###.         1%          1    None
x - Throw Frost           Conj/Ice       ##....       6%          2    ##.....
A - Ozocubu's Armour      Chrm/Ice       ##......     16%         3    ###....

Your spell library contained the following spells:

 Spells                   Type           Power        Failure   Level  Hunger
 Throw Icicle             Conj/Ice       ##......     38%         4    ####...
 Summon Ice Beast         Ice/Summ       ##......     45%         4    ####...


Dungeon Overview and Level Annotations

Branches:
Dungeon (3/15)

Annotations:
D:3 1 runed translucent door, p0werm0de's ghost, weakling TeSk


Innate Abilities, Weirdness & Mutations

You have an increased reservoir of magic. (+10% MP)


Message History

Health restored: 33; MP restored: 12 A bat is nearby!
A bat is nearby!
The bat hits you but does no damage. The bat hits you but does no damage.
The bat closely misses you.
You barely miss the bat. The bat closely misses you. The bat barely misses you.
You hit the bat. The bat hits you but does no damage. The bat misses you.
You miss the bat. The bat hits you but does no damage.
The bat completely misses you. The bat closely misses you.
You hit the bat.
You kill the bat!
No target in view!
A gnoll comes into view. It is wielding a +0 spear.
A gnoll is nearby!
A quokka comes into view. 3 gnolls come into view.
The gnoll shouts! x2
The gnoll picks up a scroll labeled XEAR ADUEG XOTS.
The gnoll shouts! x2
You hit the gnoll. The gnoll hits you with a +0 whip!
You take 7 damage, and have 26/33 hp.
MASSIVE DAMAGE!!
The quokka misses you. The quokka barely misses you.
A kobold comes into view. It is wielding a +0 whip.
The quokka bites you.
You take 1 damage, and have 26/33 hp.
The quokka barely misses you.
You don't know that spell.
A film of ice covers your body!
The quokka bites you but does no damage. x2
You now have 9/12 mp.
You barely miss the quokka.
The gnoll hits you from afar with a +0 spear!
The quokka closely misses you. The gnoll hits you but does no damage.
You take 9 damage, and have 18/33 hp.
MASSIVE DAMAGE!!
Aim: a quokka You freeze the quokka.
The quokka closely misses you. The gnoll misses you.
You now have 8/12 mp.
Aim: a quokka (severely wounded)
You freeze the quokka.
You kill the quokka!
The gnoll hits you but does no damage.
You now have 7/12 mp.
Aim: a gnoll, wielding a +0 whip (moderately wounded)
You freeze the gnoll.
You are feeling hungry.
The gnoll closely misses you. The gnoll barely misses you.
You now have 6/12 mp.
Aim: a gnoll, wielding a +0 whip (heavily wounded)
You freeze the gnoll!
You kill the gnoll!
The gnoll hits you but does no damage.
You now have 5/12 mp.
Aim: a gnoll, wielding a +0 whip You freeze the gnoll.
The gnoll closely misses you.
The gnoll hits you from afar with a +0 spear.
You take 6 damage, and have 12/33 hp.
Unknown command.
Aim: a gnoll, wielding a +0 whip (lightly wounded)
You freeze the gnoll. The gnoll barely misses you.
The gnoll hits you from afar with a +0 spear.
* * * LOW HITPOINT WARNING * * *
You take 4 damage, and have 8/33 hp.
You now have 4/12 mp.
Unknown command.
Aim: a gnoll, wielding a +0 whip (moderately wounded)
You freeze the gnoll!
You kill the gnoll!
You have reached level 5!
The gnoll hits you from afar with a +0 spear.
* * * LOW HITPOINT WARNING * * *
You take 3 damage, and have 5/38 hp.
You now have 3/13 mp.
Your icy armour cracks and falls away as you move.
You see here a bat corpse.
You aren't carrying any items that you can evoke without wielding.
It was a potion of flight.
You feel very buoyant.
You fly up into the air.
It was a potion of berserk rage.
A red film seems to cover your vision as you go berserk!
You feel yourself moving faster!
You feel mighty!
You now have 9/57 hp.
You feel a strong urge to attack something.
The gnoll hits you but does no damage. The gnoll barely misses you.
You are too injured to fight recklessly!
You are too injured to fight recklessly!
You closely miss the gnoll. The gnoll hits you with a +0 spear.
* * * LOW HITPOINT WARNING * * *
You take 1 damage, and have 8/57 hp.
You whack the gnoll!
The gnoll is poisoned.
The gnoll closely misses you.
You hit the gnoll.
You kill the gnoll!
The gnoll hits you with a +0 halberd.
* * * LOW HITPOINT WARNING * * *
You see here a +0 spear.
You take 6 damage, and have 2/57 hp.
You whack the gnoll!
The gnoll is poisoned.
The gnoll hits you with a +0 halberd!
You die...

.....# ..# #...#
...#####..####.# #...#
.............#.# #...# #
......##.......#######...#####
.........###.#.#..............
......####....................
.^... #.###)#..............
.... #.###g#.#####...##### #..
#.##@.#.# #<..# #.. #
####.##.##.# #...###.#
.......†...# #........
####.##.#### ##....###.
#.#####.##.#### #(...##⌠##
...........##.####...##...#
.#####.####........##.....
#.#####.#####.##.#..#W.!♣%.
#.......##.##.##.#..##.....


You could see a gnoll.

Vanquished Creatures
  Natasha (D:3)
  Terence (D:3)
  3 gnolls (D:3)
  7 adders (D:2)
  A worm (D:2)
  A leopard gecko (D:1)
  2 giant cockroaches
  4 goblins
  4 hobgoblins
  3 jackals (D:3)
  A kobold (D:1)
  2 quokkas
  A ball python (D:3)
  7 bats
  A frilled lizard (D:1)
  7 rats
46 creatures vanquished.

Notes
Turn   | Place    | Note
-------+----------+-------------------------------------------
     0 | D:1      | mhoghedin the Demigod Ice Elementalist began the quest for
                  | the Orb.
     0 | D:1      | Reached XP level 1. HP: 14/14 MP: 5/5
   189 | D:1      | Reached skill level 2 in Spellcasting
   338 | D:1      | Reached skill level 3 in Ice Magic
   396 | D:1      | Reached XP level 2. HP: 16/20 MP: 3/7
   911 | D:2      | Found a glowing silver altar of Zin.
  1035 | D:2      | Learned a level 2 spell: Throw Frost
  1042 | D:2      | Reached XP level 3. HP: 26/26 MP: 4/9
  1374 | D:2      | Learned a level 3 spell: Ozocubu's Armour
  1590 | D:2      | Reached skill level 3 in Spellcasting
  1590 | D:2      | Reached XP level 4. HP: 33/33 MP: 5/11
  2182 | D:3      | Noticed Terence
  2182 | D:3      | Noticed Natasha
  2190 | D:3      | Killed Terence
  2190 | D:3      | Reached skill level 4 in Ice Magic
  2193 | D:3      | Killed Natasha
  2319 | D:3      | Noticed p0werm0de's ghost (weakling TeSk)
  2326 | D:3      | Found a runed translucent door.
  2496 | D:3      | HP: 8/33 [gnoll/+0 spear (4)]
  2497 | D:3      | Reached XP level 5. HP: 10/38 MP: 3/13
  2504 | D:3      | HP: 8/57 [gnoll/+0 spear (1)]
  2507 | D:3      | HP: 2/57 [gnoll/+0 halberd (6)]
  2508 | D:3      | Slain by a gnoll

Levels and vault maps discovered:
D:1:      minmay_arrival_loop, layout_basic, due_unseen_surprise
D:2:      layout_basic, old_standard_altar
D:3:      minmay_spotlight, layout_loops_cross, hellmonk_ghost_happy_afterlife,
          uniq_natasha, uniq_terence

Skill      XL: |  1  2  3  4 |
---------------+-------------+-----
Spellcasting   | 2 3 |  3.5
Ice Magic      | 3 4 |  4.3
Dodging        | |  1.7
Stealth        | |  1.7
Conjurations   | |  0.8

Action                   |  1- 3 |  4- 6 || total
-------------------------+-------+-------++-------
Melee: Spear             |    27 |       ||    27
       Whip              |       |    26 ||    26
 Cast: Freeze            |    20 |    17 ||    37
       Throw Frost       |     9 |     2 ||    11
       Ozocubu's Armour  |       |     2 ||     2
  Use: Scroll            |     4 |       ||     4
       Potion            |       |     2 ||     2
 Stab: Sleeping          |     7 |     3 ||    10
  Eat: Chunk             |     2 |     3 ||     5
Armor: Robe              |     5 |    14 ||    19
Dodge: Dodged            |    12 |    32 ||    44

Table legend:
 A = Non-vault XP
 B = Vault XP
 C = Vault XP percentage of total XP
 D = Non-vault monster count
 E = Vault monster count
 F = Vault count percentage of total count
                 A         B        C        D         E       F
            +---------+---------+-------+---------+---------+-------
      Total |     194 |      67 |  25.7 |      44 |       2 |   4.3
            +---------+---------+-------+---------+---------+-------
        D:1 |      19 |       0 |   0.0 |      12 |       0 |   0.0
        D:2 |     115 |       0 |   0.0 |      19 |       0 |   0.0
        D:3 |      60 |      67 |  52.8 |      13 |       2 |  13.3
            +---------+---------+-------+---------+---------+-------

Levels and vault maps discovered:
D:1:      minmay_arrival_loop, layout_basic, due_unseen_surprise
D:2:      layout_basic, old_standard_altar
D:3:      minmay_spotlight, layout_loops_cross, hellmonk_ghost_happy_afterlife,
          uniq_natasha, uniq_terence

Table legend:
 A = Turns spent in this place as a percentage of turns spent in the entire game.
 B = Non-inter-level travel turns spent in this place as a percentage of non-inter-level travel turns spent in the entire game.
 C = Inter-level travel turns spent in this place as a percentage of turns spent in this place.
 D = Turns resting spent in this place as a percentage of non-inter-level travel turns spent in this place.
 E = Turns spent auto-exploring this place as a percentage of non-inter-level travel turns spent in this place.
 F = Non-inter-level travel turns spent in this place divided by the number of levels of this place that you've seen.
                   A       B       C       D       E      F
               +-------+-------+-------+-------+-------+----------------------
         Total | 100.0 | 100.0 |   2.0 |  26.0 |  60.9 | 819.0
       Dungeon | 100.0 | 100.0 |   2.0 |  26.0 |  60.9 | 819.0
               +-------+-------+-------+-------+-------+----------------------

Table legend:
 A = Kills in this place as a percentage of kills in entire the game.
 B = Kills by you in this place as a percentage of kills by you in the entire game.
 C = Kills by friends in this place as a percentage of kills by friends in the entire game.
 D = Other kills in this place as a percentage of other kills in the entire game.
 E = Experience gained in this place as a percentage of experience gained in the entire game.
 F = Experience gained in this place divided by the number of levels of this place that you have seen.
                   A       B       C       D       E      F
               +-------+-------+-------+-------+-------+----------------------
         Total | 100.0 | 100.0 |   N/A |   N/A | 100.0 |  87.0
       Dungeon | 100.0 | 100.0 |   N/A |   N/A | 100.0 |  87.0
               +-------+-------+-------+-------+-------+----------------------
